 Dungeon Crawl Stone Soup version 0.31-a0-1338-gb567cfdca4 (webtiles) character file.

Game seed: 2610985245760085736

40681 jasper the Cruncher (level 14, -2/119 HPs)
             Began as a Human Gladiator on Dec 22, 2023.
             Was an Initiate of Gozag.
             Shot with a bolt by a kobold blastminer (5 damage)
             ... on level 2 of the Orcish Mines.
             The game lasted 00:22:19 (15692 turns).

jasper the Cruncher (Human Gladiator)              Turns: 15692, Time: 00:22:19

Health: -2/119     AC: 28    Str: 23    XL:     14   Next: 12%
Magic:  14/14      EV: 10    Int:  8    God:    Gozag
Gold:   4004       SH:  0    Dex: 16    Spells: 11/13 levels left

rFire   + + +        j - +5 lajatang (spect)
rCold   . . .        (shield currently unavailable)
rNeg    + . .        N - +0 plate armour
rPois   +            s - +2 helmet
rElec   +            l - +1 cloak
rCorr   .            n - +0 pair of gloves
SInv    .            r - +0 pair of boots
Will    +....        H - amulet of the acrobat Stlth
                     K - ring of Satisfaction {*Corrode rElec rPois rN+}
HPRegen 0.39/turn    X - ring of Plog {*Slow rF+++ AC+4 Str+4}
MPRegen 0.14/turn

%: corrode self (3%), slow self (1%), acrobat
@: no status effects
A: explore regen
a: Renounce Religion, Potion Petition, Call Merchant, Bribe Branch


You were on level 2 of the Orcish Mines.
You worshipped Gozag.
Gozag was most pleased with you.
You visited 4 branches of the dungeon, and saw 19 of its levels.
You also visited: Ossuary.

You collected 4440 gold pieces.
You spent 382 gold pieces at shops.
You paid 54 gold pieces to Gozag.

Inventory:

Hand Weapons
 d - a +4 quarterstaff of freezing
 j - a +5 spectral lajatang (weapon)
Missiles
 e - 5 javelins
 f - 154 stones
 h - 16 poisoned darts (quivered)
 m - 2 throwing nets
 F - 4 curare-tipped darts
Armour
 l - a +1 cloak (worn)
 n - a +0 pair of gloves (worn)
 r - a +0 pair of boots (worn)
 s - a +2 helmet (worn)
 N - a +0 plate armour (worn)
Jewellery
 b - a ring of ice
 H - an amulet of the acrobat (around neck)
 K - the ring of Satisfaction (left hand) {*Corrode rElec rPois rN+}
   (You found it on level 10 of the Dungeon)

   [ring of positive energy]

   rElec:     It insulates you from electricity.
   rPois:     It protects you from poison rN+: It protects you from negative
   energy.
   *Corrode:  It may corrode you when you take damage.
 T - a +5 ring of evasion
 X - the ring of Plog (right hand) {*Slow rF+++ AC+4 Str+4}
   (You found it on level 4 of the Lair of Beasts)

   [ring of protection]

   AC+4:      It affects your AC (+4).
   Str+4:     It affects your strength (+4).
   rF+++:     It renders you almost immune to fire.
   *Slow:     It may slow you when you take damage.
 Z - a +6 ring of intelligence
Wands
 u - a wand of digging (4)
 y - a wand of acid (30)
 C - a wand of paralysis (13)
 G - a wand of flame (53)
 M - a wand of iceblast (25)
 O - a wand of polymorph (6)
 R - a wand of mindburst (6)
Scrolls
 a - a scroll of identify
 g - 9 scrolls of teleportation
 o - 9 scrolls of poison
 z - 2 scrolls of silence
 B - a scroll of blinking
 D - 2 scrolls of immolation
 E - a scroll of fog
 P - a scroll of fear
 V - 2 scrolls of revelation
Potions
 i - 4 potions of mutation
 k - a potion of might
 t - 10 potions of curing
 v - 4 potions of lignification
 A - 4 potions of invisibility
 I - 2 potions of brilliance
 J - 4 potions of cancellation
 L - a potion of magic
 Q - 3 potions of enlightenment
 W - 2 potions of berserk rage
Miscellaneous
 S - a tin of tremorstones (2/2)
 U - a sack of spiders (inert)


   Skills:
 * Level 13.6 Fighting
 - Level 14.0 Staves
 - Level 2.0 Throwing
 + Level 11.9 Armour
 + Level 7.0 Dodging
 + Level 6.2 Evocations


You had 11 spell levels left.
You knew the following spells:

 Your Spells              Type           Power      Damage    Failure   Level
a - Blink                 Tloc           0%         N/A       100%        2

Your spell library contained the following spells:

 Spells                   Type           Power      Damage    Failure   Level
 Sting                    Conj/Alch      0%         1d3       99%         1
 Cigotuvi's Dreadful Rot  Necr/Alch/Air  0%         N/A       100%        2
 Ensorcelled Hibernation  Hex/Ice        0%         N/A       100%        2
 Jinxbite                 Hex            0%         N/A       100%        2
 Lesser Beckoning         Tloc           0%         N/A       100%        2
 Mercury Vapours          Alch/Air       0%         N/A       100%        2
 Momentum Strike          Conj/Tloc      0%         3d8       100%        2
 Passwall                 Alch/Erth      0%         N/A       100%        2
 Fugue of the Fallen      Necr           0%         N/A       100%        3
 Tukima's Dance           Hex            0%         N/A       100%        3
 Anguish                  Hex/Necr       0%         N/A       100%        4
 Brom's Barrelling Bould  Conj/Erth      0%         2d3       100%        4
 Cause Fear               Hex            0%         N/A       100%        4
 Dimensional Bullseye     Hex/Tloc       0%         N/A       100%        4
 Dispel Undead            Necr           0%         3d6       100%        4
 Iskenderun's Mystic Bla  Conj/Tloc      0%         2d3       100%        4
 Olgreb's Toxic Radiance  Alch           0%         N/A       100%        4
 Passage of Golubria      Tloc           0%         N/A       100%        4
 Fireball                 Conj/Fire      0%         3d3       100%        5
 Iskenderun's Battlesphe  Conj           0%         2d6       100%        5
 Summon Forest            Summ/Tloc      0%         N/A       100%        5
 Summon Mana Viper        Hex/Summ       0%         N/A       100%        5
 Yara's Violent Unravell  Hex/Alch       0%         3d3       100%        5
 Conjure Ball Lightning   Conj/Air       0%         3x3d6     100%        6
 Death Channel            Necr           0%         N/A       100%        6
 Summon Cactus Giant      Summ           0%         N/A       100%        6
 Enfeeble                 Hex            0%         N/A       100%        7
 Orb of Destruction       Conj           0%         9d5       100%        7
 Ozocubu's Refrigeration  Ice            0%         4d7       100%        7
 Discord                  Hex            0%         N/A       100%        8
 Disjunction              Tloc           0%         N/A       100%        8
 Lehudib's Crystal Spear  Conj/Erth      0%         10d2      100%        8
 Dragon's Call            Summ           0%         N/A       100%        9


Dungeon Overview and Level Annotations

Branches:
Dungeon (12/15)            Temple (1/1) D:4            Lair (4/5) D:8
 Shoals (0/4) Lair:2       Spider (0/4) Lair:3          Orc (2/2) D:10
Ossuary (visited)
  Slime: Lair:4-5       Elf: Orc:2

Altars:
Ashenzari
Cheibriados
Dithmenos
Elyvilon
Fedhas
Gozag
Hepliaklqana
Kikubaaqudgha
Makhleb
Nemelex Xobeh
Okawaru
Qazlal
Ru
Sif Muna
Trog
Uskayaw
Vehumet
Wu Jian
Xom
Yredelemnul
Zin
The Shining One

Shops:
D:6 ?   D:11 :   Orc:2 (

Annotations:
Lair:2 exclusion: oklob plant


Innate Abilities, Weirdness & Mutations

You regain HP and MP as you explore.


Message History

You hit the orc knight.
The orc knight is heavily wounded.
Your +5 spectral lajatang hits the orc knight but does no damage.
The orc knight is distracted by your dazzling golden aura.
You slice the orc knight!!
The orc knight is no longer distracted by gold.
The orc knight is severely wounded.
Your +5 spectral lajatang hits the orc knight!!
You kill the orc knight!
Your +5 spectral lajatang disappears.
A kobold blastminer comes into view.
Things that are here:
5 gold pieces; a +0 battleaxe; a +0 plate armour The kobold blastminer is distracted by your dazzling golden aura.
Items here: $ ( )) [[.
You see here a poisoned dart.
An orc warrior comes into view. It is wielding a +0 scimitar.
The orc warrior shouts!
The kobold blastminer shouts!
Items here: $ ( ) [.
A kobold blastminer comes into view.
The kobold blastminer is no longer distracted by gold.
The kobold blastminer's cannon shakes and flares with a red glow.
The kobold blastminer wields a +1 hand cannon of flaming.
It bursts into flame!
The kobold blastminer shoots a bolt.
The bolt barely misses you.
The kobold blastminer blasts its cannon at you.
The iron shot hits you!
* * * LOW HITPOINT WARNING * * *
The kobold blastminer is knocked back by the blast.
Items here: $ )) [.
You take 10 damage, and have 17/119 hp.
The kobold blastminer shoots a bolt.
The bolt misses you.
The kobold blastminer wields a +0 arbalest.
The kobold blastminer shoots a bolt.
The bolt hits you!
* * * LOW HITPOINT WARNING * * *
There is a stone staircase leading up, spattered with blood here.
You take 14 damage, and have 3/119 hp.
The kobold blastminer shoots a bolt.
The bolt hits you.
You die...
Your body crumbles into a pile of gold.

................
....#............
..............#.#
................#.
...#...........$...#
.....K..........#....
.#.#.....o....^.......
..K°.....@...........##
.........$$...........#
......$$$$$....$.......
.......$$$.(...........
.......$.$$.$.........#
............$$.........
..........#..(........#
.<..(.........$.....##
##......P..P.........#


You could see 2 kobold blastminers and an orc warrior.

Vanquished Creatures
  An orc warlord (Orc:2)
  Fannar (Orc:1)
  The ghost of waq the Fighter, a novice OnMo of the Shining One (Lair:1)
  2 hydras
  A boulder beetle (Lair:1)
  The ghost of bungle the Ruffian, a novice TrSh of Gozag (D:7)
  3 death yaks (Lair:4)
  2 orc high priests (Orc:2)
  2 skysharks
  4 orc knights
  An ugly thing (D:10)
  An orc sorcerer (Orc:2)
  3 cyclopes
  2 manticores
  A kobold blastminer (Orc:1)
  12 elephants
  8 cane toads
  2 black mambas
  A torpor snail (Lair:2)
  Jeremiah (D:7)
  A kobold demonologist (D:7)
  3 rime drakes
  5 komodo dragons
  A wind drake (Lair:2)
  4 trolls (D:7)
  4 polar bears
  13 blink frogs
  2 culicivoras (Lair:3)
  A shadow (D:11)
  A slime creature (D:7)
  2 spriggans
  A vampire (D:10)
  8 wyverns
  A human (D:10)
  Eustachio (D:5)
  3 steam dragons
  17 yaks
  3 vampire mosquitoes (D:11)
  Menkaure (D:5)
  4 water moccasins
  Edmund (D:4)
  14 orc warriors
  6 ice beasts
  A black bear (Lair:4)
  2 ogres
  3 centaurs
  12 wolves
  12 bullfrogs
  A kobold brigand (D:6)
  A necrophage (D:10)
  2 scorpions
  4 water moccasin zombies (Ossuary)
  17 wights
  A killer bee (D:7)
  An electric eel (Lair:3)
  5 howler monkeys
  A crimson imp (D:5)
  A lava snake (D:8)
  A gnoll bouda (D:10)
  A jelly (D:6)
  7 orc priests
  Crazy Yiuf (D:2)
  4 hounds
  3 iguanas
  10 orc wizards
  A sleepcap (D:7)
  4 hell rats (Lair:4)
  A bullfrog simulacrum (Ossuary)
  2 crocodile zombies (Ossuary)
  3 mummies
  Robin (D:4)
  8 gnolls
  6 adders
  A shadow imp (D:5)
  6 bombardier beetles
  A white imp (D:8)
  6 adder zombies (Ossuary)
  2 worms
  2 dart slugs
  59 orcs
  7 ball pythons
  6 bats (D:2)
  5 endoplasms
  3 giant cockroaches
  5 gnoll zombies (Ossuary)
  18 goblins
  8 hobgoblins
  7 jackals
  6 quokkas
  2 frilled lizards
  5 hobgoblin zombies (Ossuary)
  12 kobolds
  6 kobold zombies (Ossuary)
  7 orc zombies (Ossuary)
  7 rats
445 creatures vanquished.

Vanquished Creatures (others)
  3 spectral weapons
3 creatures vanquished.

Grand Total: 448 creatures vanquished

Notes
Turn   | Place    | Note
-------+----------+-------------------------------------------
     0 | D:1      | jasper the Human Gladiator began the quest for the Orb.
     0 | D:1      | Reached XP level 1. HP: 16/16 MP: 1/1
   260 | D:1      | Reached XP level 2. HP: 20/22 MP: 2/2
   648 | D:1      | Reached skill level 4 in Staves
   998 | D:2      | Reached XP level 3. HP: 27/27 MP: 3/3
  1449 | D:2      | Reached XP level 4. HP: 31/33 MP: 4/4
  1538 | D:2      | Found a runed translucent door.
  1539 | D:2      | Noticed Crazy Yiuf
  1699 | D:2      | Reached skill level 5 in Staves
  2113 | D:2      | Killed Crazy Yiuf
  2229 | D:2      | Identified a scroll of acquirement
  2229 | D:2      | Acquired a +2 spectral lajatang
  3092 | D:4      | Noticed Robin
  3104 | D:3      | Reached XP level 5. HP: 37/38 MP: 5/5
  3215 | D:4      | Killed Robin
  3253 | D:4      | Reached skill level 6 in Staves
  3520 | D:4      | Reached XP level 6. HP: 44/44 MP: 6/6
  3524 | D:4      | Found a staircase to the Ecumenical Temple.
  3534 | Temple   | Entered the Ecumenical Temple
  3750 | D:4      | Reached skill level 7 in Staves
  3809 | D:4      | Noticed Edmund
  3814 | D:4      | Reached XP level 7. HP: 50/50 MP: 7/7
  3819 | D:4      | Killed Edmund
  3820 | D:4      | Reached skill level 8 in Staves
  3828 | D:4      | Found an opulent altar of Gozag.
  3828 | D:4      | Found a sparkling altar of Nemelex Xobeh.
  3837 | D:4      | Became a worshipper of Gozag Ym Sagoz the Greedy
  4036 | D:5      | Entered Level 5 of the Dungeon
  4814 | D:5      | Found a burning altar of Makhleb.
  4951 | D:5      | Noticed Menkaure
  4956 | D:5      | Killed Menkaure
  4957 | D:5      | Reached skill level 9 in Staves
  5089 | D:5      | Reached XP level 8. HP: 56/56 MP: 8/8
  5097 | D:5      | Noticed Eustachio
  5116 | D:5      | Killed Eustachio
  5467 | D:6      | Reached skill level 10 in Staves
  5502 | D:6      | Reached skill level 1 in Armour
  5799 | D:6      | Found Zajys's Magic Scroll Emporium.
  5806 | D:6      | Bought a scroll of teleportation for 39 gold pieces
  5806 | D:6      | Bought a scroll of blinking for 97 gold pieces
  5806 | D:6      | Bought a scroll of enchant weapon for 97 gold pieces
  5806 | D:6      | Bought a scroll of immolation for 52 gold pieces
  5900 | D:6      | Bought a scroll of revelation for 97 gold pieces
  6348 | D:7      | Noticed a wyvern
  6351 | D:7      | Killed a wyvern
  6352 | D:7      | Reached XP level 9. HP: 52/65 MP: 9/9
  6395 | D:7      | Found a sand-covered staircase.
  6403 | Ossuary  | Entered an ossuary
  6827 | D:7      | Reached skill level 5 in Fighting
  6855 | D:7      | Reached skill level 11 in Staves
  7128 | D:7      | Noticed a troll
  7128 | D:7      | Noticed a cyclops
  7144 | D:7      | Killed a troll
  7147 | D:7      | Killed a cyclops
  7148 | D:7      | Reached skill level 5 in Armour
  7151 | D:7      | Reached XP level 10. HP: 76/76 MP: 10/10
  7362 | D:7      | Noticed bungle's ghost (novice TrSh)
  7363 | D:7      | Found a runed translucent door.
  7386 | D:7      | Noticed Jeremiah
  7398 | D:7      | Killed Jeremiah
  7582 | D:7      | Got the Exposition on Terrestrial Topology
  7715 | D:7      | Noticed a kobold demonologist
  7725 | D:7      | Killed a kobold demonologist
  7802 | D:7      | Killed bungle's ghost
  7803 | D:7      | Reached skill level 12 in Staves
  8257 | D:8      | Reached XP level 11. HP: 74/86 MP: 11/11
  8352 | D:8      | Found a staircase to the Lair.
  8459 | D:8      | Found a broken altar of Ashenzari.
  8459 | D:8      | Found an iron altar of Okawaru.
  8563 | Lair:1   | Entered Level 1 of the Lair of Beasts
  9099 | D:10     | Entered Level 10 of the Dungeon
  9104 | D:10     | Identified the ring of Satisfaction {*Corrode rElec rPois
                  | rN+}
  9183 | D:10     | Noticed a cyclops
  9189 | D:10     | Killed a cyclops
  9333 | D:10     | Reached skill level 13 in Staves
  9377 | D:10     | Found a staircase to the Orcish Mines.
  9852 | D:10     | Noticed a green ugly thing
  9859 | D:10     | Killed a green ugly thing
 10208 | D:11     | Found Jexzodel's Book Shop.
 10470 | D:11     | Noticed a cyclops
 10473 | D:11     | Killed a cyclops
 10610 | D:11     | Noticed a manticore
 10618 | D:11     | Killed a manticore
 10952 | D:11     | Found a shimmering blue altar of Sif Muna.
 11179 | Lair:1   | Found an ancient bone altar of Kikubaaqudgha.
 11385 | Lair:1   | Found a runed translucent door.
 11681 | Lair:1   | Reached XP level 12. HP: 97/97 MP: 12/12
 11690 | Lair:1   | Reached skill level 10 in Fighting
 11841 | Lair:1   | Noticed waq's ghost (novice OnMo)
 11853 | Lair:1   | Killed waq's ghost
 11936 | Lair:2   | Noticed a boulder beetle
 11955 | Lair:1   | Killed a boulder beetle
 12033 | Lair:2   | Reached skill level 10 in Armour
 12113 | Lair:2   | Reached skill level 14 in Staves
 12146 | Lair:2   | Reached skill level 1 in Evocations
 12194 | Lair:2   | Found a staircase to the Shoals.
 12330 | Lair:2   | Identified the +6 war axe "Cetwugh" {spect, rN++ rCorr
                  | Dex-5 SInv}
 12976 | Lair:3   | Noticed a five-headed hydra
 12987 | Lair:3   | Killed a five-headed hydra
 13070 | Lair:3   | Reached XP level 13. HP: 107/107 MP: 13/13
 13100 | Lair:3   | Reached skill level 5 in Dodging
 13376 | Lair:3   | Found a hole to the Spider Nest.
 13402 | Lair:3   | Identified the +0 morningstar "Quypaett" {spect, rElec}
 13999 | Lair:4   | Learned a level 2 spell: Blink
 14024 | Lair:4   | Reached skill level 5 in Evocations
 14029 | Lair:4   | Identified the ring of Plog {*Slow rF+++ AC+4 Str+4}
 14911 | Orc:1    | Entered Level 1 of the Orcish Mines
 15159 | Orc:1    | Noticed Fannar
 15169 | Orc:1    | Killed Fannar
 15508 | Orc:2    | Entered Level 2 of the Orcish Mines
 15639 | Orc:2    | Reached XP level 14. HP: 77/118 MP: 14/14
 15656 | Orc:2    | Noticed an orc warlord
 15665 | Orc:2    | HP: 5/118 [orc warrior/+0 halberd (11)]
 15666 | Orc:2    | Found Umuodgh's Antique Weapon Shop.
 15673 | Orc:2    | Killed an orc warlord
 15691 | Orc:2    | HP: 3/119 [kobold blastminer/bolt (14)]
 15692 | Orc:2    | Shot with a bolt by a kobold blastminer

Illustrated notes

Levels and vault maps discovered:
D:1:      shiori_arrival_oz, layout_basic, reono_crystal_passage
D:2:      layout_loops_ring, chequers_arboretum, minmay_curled_crystal,
          chequers_serial_rivers_micro_c, minmay_octomino_j4,
          uniq_crazy_yiuf_cottage
D:3:      layout_loops_ring
D:4:      layout_rooms, grunt_temple_overflow_opulence,
          minmay_temple_entry_purple_smoke, kennysheep_generic_room_15,
          uniq_robin, uniq_edmund
D:5:      layout_loops_corners, makhleb_grotto_becter, uniq_menkaure,
          uniq_eustachio
D:6:      layout_gridville, serial_shops, shop
D:7:      layout_loops_ring, gup_ossuary_entry_pyramid,
          hellmonk_ghost_happy_afterlife, minmay_shattered_shrine, uniq_jeremiah
D:8:      layout_cave_pools, nicolae_overflow_two_pavilions,
          hellmonk_lair_entry_icy, grunt_ministairs_1
D:9:      layout_rooms
D:10:     minmay_wavy_crystal, layout_long_grid, hiddenorc1_lemuel,
          hangedman_stone_soup
D:11:     layout_loops_ring, serial_shops, shop, kb_lookout_dungeons_type,
          lemuel_blue_sif_altar
D:12:     layout_grid_maze, uniq_maurice
Temple:   minmay_crystal_spiral_temple
Lair:1:   layout_misc_corridors, basic_altar, ebering_ghost_reflecting_pool,
          lemuel_fruit_fields
Lair:2:   layout_hall_layers, minmay_shoals_entry_beasts,
          minmay_lair_oklob_bushes
Lair:3:   layout_cave_shapes, hellmonk_spider_entry_life_and_decay,
          nicolae_lair_grove_arrangements, serial_bayou_shore_a
Lair:4:   layout_roguey, grunt_forest_stairs_clearing, grunt_megastairs_1
Orc:1:    layout_caves, serial_shops, nicolae_lakefront_shop, roderic_batcave,
          minmay_orc_barracks, uniq_fannar
Orc:2:    grunt_orc_gardens, layout_caves, grunt_orc_garden, grunt_orc_garden,
          grunt_orc_garden, grunt_orc_garden

Skill      XL: |  1  2  3  4  5  6  7  8  9 10 11 12 13 14 |
---------------+-------------------------------------------+-----
Staves         | 4 5 6 7 9 10 11 12 13 14 | 14.0
Armour         | 3 5 7 9 10 11 | 11.9
Fighting       | 4 6 8 9 11 13 | 13.6
Evocations     | 3 5 6 |  6.2
Dodging        | 4 6 7 |  7.0
Throwing       | |  2.0

Action                     |  1- 3 |  4- 6 |  7- 9 | 10-12 | 13-15 || total
---------------------------+-------+-------+-------+-------+-------++-------
  Melee: Quarterstaff      |   118 |    26 |       |     7 |     3 ||   154
         Lajatang          |       |    89 |   260 |   349 |   240 ||   938
  Throw: Dart              |    12 |     6 |     2 |     7 |     7 ||    34
         Throwing net      |       |     3 |       |       |       ||     3
  Evoke: Wand              |       |       |       |       |     4 ||     4
         Sack of spiders   |       |       |       |       |     1 ||     1
    Use: Scroll            |     2 |     6 |    12 |     6 |     6 ||    32
         Potion            |       |       |       |       |     4 ||     4
   Stab: Held in net/web   |       |     1 |       |       |       ||     1
         Distracted        |       |       |     1 |     9 |     8 ||    18
 Armour: Leather armour    |    63 |    13 |       |       |       ||    76
         Ring mail         |       |    63 |    24 |       |       ||    87
         Scale mail        |       |       |   103 |    41 |       ||   144
         Plate armour      |       |       |       |   169 |   174 ||   343
  Dodge: Dodged            |    85 |    41 |   129 |   147 |   128 ||   530

Table legend: (Time is in decaauts)
 A = Elapsed time spent in this place.
 B = Non-inter-level travel time spent in this place.
 C = Inter-level travel time spent in this place.
 D = Time resting spent in this place.
 E = Time spent auto-exploring this place.
 F = Levels seen in this place.
 G = Mean time per level.
                   A        B        C        D        E       F      G
               +--------+--------+--------+--------+--------+-----+--------+
         Total |  15561 |  14602 |    959 |    688 |  10651 |  20 |  778.0 |
       Dungeon |  10891 |  10096 |    795 |    537 |   7304 |  12 |  907.6 |
        Temple |      1 |      1 |      0 |      0 |      0 |   1 |    1.0 |
          Lair |   3622 |   3474 |    148 |     65 |   2725 |   4 |  905.5 |
  Orcish Mines |    760 |    745 |     15 |     86 |    475 |   2 |  380.0 |
       Ossuary |    284 |    284 |      0 |      0 |    147 |   1 |  284.0 |
               +--------+--------+--------+--------+--------+-----+--------+

Top non-repeatable levels by time:
     D:2: 1317 daAuts
     D:7: 1301 daAuts
     D:5: 1288 daAuts
    D:11: 1048 daAuts
    D:10: 996 daAuts
     D:1: 991 daAuts
  Lair:4: 991 daAuts
     D:6: 963 daAuts
     D:3: 912 daAuts
  Lair:2: 908 daAuts
     D:4: 893 daAuts
  Lair:3: 879 daAuts
  Lair:1: 843 daAuts
   Orc:1: 671 daAuts
     D:8: 638 daAuts
